 Dungeon Crawl Stone Soup version 0.19.5 (webtiles) character file.

15 mike2R the Magician (level 2, 0/19 HPs)
             Began as a Demonspawn Wizard on Apr 28, 2017.
             Slain by a jackal (3 damage)
             ... on level 1 of the Dungeon.
             The game lasted 00:06:36 (520 turns).

mike2R the Magician (Demonspawn Wizard)              Turns: 520, Time: 00:06:39

Health: 0/19       AC:  4    Str:  7    XL:     2   Next: 34%
Magic:  2/6        EV: 12    Int: 19    God:
Gold:   17         SH:  0    Dex: 11    Spells: 4 memorised, 0 levels left

rFire  . . .     SeeInvis .     i - +0 club
rCold  . . .     Gourm    +     a - +0 robe
rNeg   . . .     Faith    .     (no shield)
rPois  .         Spirit   .     b - +0 hat
rElec  .         Reflect  .     (no cloak)
rCorr  .         Harm     .     (no gloves)
MR     .....                    (no boots)
Stlth  ++........               e - amulet of the gourmand
                                (no ring)
                                (no ring)

@: repel missiles
A: molten scales 1
a: no special abilities


You were on level 1 of the Dungeon.
You were full.

You visited 1 branch of the dungeon, and saw 1 of its levels.

You collected 17 gold pieces.

Inventory:

Hand Weapons
 i - a +0 club (weapon)
Missiles
 g - 18 sling bullets
 h - 13 stones (quivered)
Armour
 a - a +0 robe (worn)
 b - a +0 hat (worn)
Jewellery
 e - an amulet of the gourmand (around neck)
Books
 c - a book of Minor Magic

   Spells                             Type                      Level
   a - Magic Dart                     Conjuration                  1
   b - Blink                          Translocation                2
   c - Call Imp                       Summoning                    2
   d - Repel Missiles                 Charms/Air                   2
   e - Slow                           Hexes                        2
   f - Conjure Flame                  Conjuration/Fire             3
   g - Mephitic Cloud                 Conjuration/Poison/Air       3
Comestibles
 d - a bread ration


   Skills:
 - Level 1.7 Dodging
 - Level 1.7 Stealth
 + Level 3.3 Spellcasting
 + Level 1.7 Conjurations
 - Level 1.0 Summonings
 - Level 0.8 Translocations


You couldn't memorise any spells.
You knew the following spells:

 Your Spells              Type           Power        Failure   Level  Hunger
a - Magic Dart            Conj           #...         10%         1    None
b - Blink                 Tloc           N/A          17%         2    ##.....
c - Call Imp              Summ           #.......     17%         2    ##.....
d - Repel Missiles        Chrm/Air       #.....       24%         2    ##.....


Dungeon Overview and Level Annotations

Branches:
Dungeon (1/15)

Altars:


Innate Abilities, Weirdness & Mutations

You are partially covered in molten scales. (AC +2)


Message History

You see here a jackal corpse.
Your crimson imp hits the jackal but does no damage.
The jackal barely misses you.
Your crimson imp blinks!
You hit the jackal but do no damage.
The jackal is heavily wounded.
Your crimson imp hits the jackal but does no damage.
The jackal barely misses you.
Your crimson imp closely misses the jackal.
You barely miss the jackal.
The jackal is heavily wounded.
The jackal bites you but does no damage. x2
Your crimson imp hits the jackal but does no damage.
You hit the jackal but do no damage.
The jackal is heavily wounded.
Your crimson imp disappears in a puff of smoke!
The jackal bites you.
* * * LOW HITPOINT WARNING * * *
The jackal bites you.
You die...

#.# #)# ###.#####.. ## #.
#...h>..... # #.# ...
#.##.#.####### .#.# #.. ..#
#.#....#########.######.# #.#
#..###.......§.......>#.# #.#
#.. #....†..h.#.####...# #..
##.###.#######@#.# #...# #.#
###...## ##5#.# #...#####.#
#.....#######....#####.....)..#
#.##....).....#............#...
# #..........###...........####
.##.#.#.#####...#..#####.##.##
........#####.#...## #.##.#
##...............## #.##.#
#.##########.#### #.##.#


You could see a jackal and a friendly crimson imp.

Vanquished Creatures
  A dart slug (D:1)
  A giant cockroach (D:1)
  3 goblins (D:1)
  A hobgoblin (D:1)
  3 bats (D:1)
  A frilled lizard (D:1)
  A rat (D:1)
11 creatures vanquished.

Vanquished Creatures (collateral kills)
  2 jackals (D:1)
2 creatures vanquished.

Grand Total: 13 creatures vanquished

Notes
Turn   | Place    | Note
-------+----------+-------------------------------------------
     0 | D:1      | mike2R the Demonspawn Wizard began the quest for the Orb.
     0 | D:1      | Reached XP level 1. HP: 13/13 MP: 4/4
   336 | D:1      | Gained mutation: You are partially covered in molten scales. (AC +2) [demonic ancestry]
   336 | D:1      | Reached XP level 2. HP: 16/19 MP: 1/6
   351 | D:1      | Learned a level 2 spell: Blink
   354 | D:1      | Learned a level 2 spell: Call Imp
   357 | D:1      | Learned a level 2 spell: Repel Missiles
   520 | D:1      | Slain by a jackal

Action                   || total
-------------------------++-------
Melee: Club              ||    39
       Dagger            ||     5
Throw: Stone             ||    36
 Cast: Magic Dart        ||    16
       Call Imp          ||     2
       Repel Missiles    ||     1
  Eat: Chunk             ||     9
Armor: Robe              ||    19
Dodge: Dodged            ||    48
